 Dungeon Crawl Stone Soup version 0.31-a0-102-g33a4ccc0cb (webtiles) character file.

Game seed: 11229121043240144911

239 ytrimaz the Trooper (level 6, -5/99 HPs)
             Began as an Ogre Berserker on May 26, 2023.
             Was a Believer of Trog.
             Slain by a scorpion (7 damage)
             ... on level 4 of the Dungeon.
             The game lasted 00:03:22 (2803 turns).

ytrimaz the Trooper (Ogre Berserker)                Turns: 2803, Time: 00:03:23

Health: -5/99      AC:  4    Str: 22    XL:     6   Next: 7%
Magic:  6/6        EV: 10    Int:  8    God:    Trog [**....]
Gold:   185        SH:  0    Dex: 10    Spells: 5/5 levels left

rFire   . . .        a - +1 mace
rCold   . . .        (no shield)
rNeg    . . .        b - +1 animal skin
rPois   .            (helmet restricted)
rElec   .            (no cloak)
rCorr   +            (gloves unavailable)
SInv    .            (boots unavailable)
Will    ++...        (no amulet) Stlth
                     d - ring of resist corrosion
HPRegen 1.36/turn    (no ring)
MPRegen 0.10/turn

%: no passive effects
@: berserking, lethally poisoned (-5 -> -7), strong-willed, regenerating, very
quick
A: large, unfitting armour, tough skin 1
a: Renounce Religion, Berserk, Trog's Hand


You were on level 4 of the Dungeon.
You worshipped Trog.
Trog was pleased with you.
You visited 1 branch of the dungeon, and saw 4 of its levels.

You collected 185 gold pieces.


Innate Abilities, Weirdness & Mutations

You are too large for most types of armour.
You have tough skin. (AC +1)


   Skills:
 + Level 5.6 Fighting
 * Level 4.2 Maces & Flails
 * Level 2.4 Throwing
 - Level 3.3 Dodging


You had 5 spell levels left.
You didn't know any spells.
Your spell library was empty.

Inventory:

Hand Weapons
 a - a +1 mace (weapon)
Missiles
 e - 3 poisoned darts (quivered)
Armour
 b - a +1 animal skin (worn)
Jewellery
 d - a ring of resist corrosion (left hand)
   (You found it on level 1 of the Dungeon)
 l - a ring of ice
   (You found it on level 2 of the Dungeon)
Scrolls
 f - 2 scrolls of fog
 j - a scroll of noise
Potions
 c - a potion of invisibility
 g - a potion of berserk rage {unknown}
 h - a potion of haste
 i - a potion of resistance
 k - a potion of curing
 m - a potion of brilliance {unknown}

Dungeon Overview and Level Annotations

Branches:
Dungeon (4/15) Zot: 21120
 Temple: D:4-7

Altars:
Makhleb

Shops:
D:1

[ #.........# #....†....#
#.........#
#......K)†###############
#.......†..?.....##.....# .#
#######..........##.....##.#
#...........##.....#.. #
#......##..........#)# #
#......Ks@.........#.# #
#......##............#####
#......#######.......##...
.....###....# #...#..###.##
###### #....# ##...#.†....##
#....###....#...#####
#....#.†..#........#.
#......##.###.#......
#.....###...#.##.#<##


You could see a scorpion and a kobold.


Message History

The air around you briefly surges with heat, but it dissipates.
It was a scroll of immolation.
Unknown command.
You start resting.
A hobgoblin comes into view. 😨 HP[+9]
You regained 9 hp, and now have 25/66 hp.
Unknown command.
A hobgoblin is nearby!
A hobgoblin is nearby!
Unknown command.
The hobgoblin shouts!
You see here a giant cockroach corpse. 😨 HP[+1]
You feel yourself speed up. 😨 HP[+1]
The hobgoblin hits you but does no damage.
A scorpion comes into view.
Unknown command.
You hit the hobgoblin.
The hobgoblin hits you but does no damage.
You hit the hobgoblin but do no damage. The hobgoblin barely misses you.
A kobold comes into view. It is wielding a +0 whip.
The hobgoblin closely misses you. 😨 HP[+1]
The kobold shouts!
You sock the hobgoblin!
You kill the hobgoblin!
Trog accepts your kill.
Unknown command. 😨 HP[+1] 😨 HP[+1]
The scorpion attacks as you move away!
The scorpion stings you but does no damage.
You recover from your berserk rage.
The scorpion stings you.
* * * LOW HITPOINT WARNING * * *
You are poisoned.
The scorpion poisons you! 😨 HP[-3]
You take 3 damage, and now have 27/66 hp.
You feel sick.
There is a large open door here. 😨 HP[-2]
You take 2 damage, and now have 25/66 hp.
You feel sick.
There is a large open door here. 😨 HP[-2]
You take 2 damage, and now have 23/66 hp.
You feel sick. The scorpion stings you.
* * * LOW HITPOINT WARNING * * *
😨 HP[-5]
You take 5 damage, and now have 18/66 hp.
You feel better. The scorpion stings you.
* * * LOW HITPOINT WARNING * * *
You are poisoned.
The scorpion poisons you! 😨 HP[+5]
You regained 5 hp, and now have 23/66 hp.
Okay, then.
Your skin crawls.
You feel strong-willed.
You feel very sick. The scorpion stings you.
* * * LOW HITPOINT WARNING * * *
😨 HP[-4]
You take 4 damage, and now have 19/66 hp.
A red film seems to cover your vision as you go berserk!
You feel yourself moving faster!
You feel mighty!
You feel sick. The scorpion stings you!
* * * LOW HITPOINT WARNING * * *
😱 HP[+2]
You now have 99 max hp (+33).
You regained 2 hp, and now have 21/99 hp.
You closely miss the scorpion.
You feel sick.
The scorpion stings you but does no damage. 😱 HP[-1]
You take 1 damage, and now have 20/99 hp.
You hit the scorpion.
You feel sick. The scorpion stings you.
* * * LOW HITPOINT WARNING * * *
You are more poisoned.
The scorpion poisons you! 😱 HP[-4]
You take 4 damage, and now have 16/99 hp.
You barely miss the scorpion.
You feel very sick. The scorpion stings you.
* * * LOW HITPOINT WARNING * * *
😱 HP[-8]
You take 8 damage, and now have 8/99 hp.
You barely miss the scorpion.
You feel sick. The scorpion stings you.
* * * LOW HITPOINT WARNING * * *
😱 HP[-5]
You take 5 damage, and now have 3/99 hp.
Unknown command.
You sock the scorpion!
* * * LOW HITPOINT WARNING * * *
You feel very sick. The scorpion stings you!
You die...

Skill      XL: |  1  2  3  4  5 |
---------------+----------------+-----
Maces & Flails | 3 4 |  4.2
Dodging        | 3 |  3.3
Fighting       | 5 |  5.6
Throwing       | 1 2 |  2.4

Action                     |  1- 3 |  4- 6 || total
---------------------------+-------+-------++-------
  Melee: Mace              |   105 |   131 ||   236
         Punch             |       |     4 ||     4
  Throw: Dart              |       |     3 ||     3
 Invoke: Berserk           |       |     4 ||     4
         Trog's Hand       |       |     3 ||     3
    Use: Scroll            |     4 |     6 ||    10
         Potion            |       |     1 ||     1
 Armour: Animal skin       |    49 |    59 ||   108
  Dodge: Dodged            |    77 |   105 ||   182

Levels and vault maps discovered:
D:1:      ldierk_walled_garden_2, layout_basic, serial_shops,
          nicolae_shop_just_a_little_nook
D:2:      layout_rooms, basic_altar, chequers_serial_rivers_micro_e,
          kennysheep_cross_room
D:3:      layout_rooms, hangedman_decor_push, chequers_garden, uniq_jessica
D:4:      layout_basic, chequers_arboretum

Notes
Turn   | Place    | Note
-------+----------+-------------------------------------------
     0 | D:1      | ytrimaz the Ogre Berserker began the quest for the Orb.
     0 | D:1      | Reached XP level 1. HP: 24/24 MP: 1/1
     0 | D:1      | magus.rc [v1.9.6]
   206 | D:1      | Reached XP level 2. HP: 32/32 MP: 2/2
   549 | D:1      | Found Nalegeuq's Armour Emporium.
   852 | D:2      | Reached skill level 3 in Maces & Flails
   852 | D:2      | Reached skill level 3 in Dodging
   890 | D:2      | Reached XP level 3. HP: 33/40 MP: 3/3
  1007 | D:2      | Found a burning altar of Makhleb.
  1423 | D:2      | Reached ** piety under Trog
  1482 | D:2      | Reached XP level 4. HP: 39/49 MP: 4/4
  1544 | D:3      | Reached skill level 5 in Fighting
  1545 | D:3      | Noticed Jessica
  1794 | D:3      | Killed Jessica
  1795 | D:3      | Reached skill level 1 in Throwing
  1796 | D:3      | HP: 10/50 [gnoll/+0 club (8)]
  1800 | D:3      | Reached XP level 5. HP: 13/57 MP: 5/5
  1811 | D:3      | HP: 13/85 [gnoll/+0 halberd (12)]
  1881 | D:3      | HP: 15/85 [something/magic dart (9)]
  2057 | D:3      | Reached skill level 2 in Throwing
  2565 | D:4      | Reached skill level 4 in Maces & Flails
  2571 | D:4      | HP: 14/57 [worm (3)]
  2746 | D:4      | HP: 20/85 [shadow imp (4)]
  2748 | D:4      | Reached XP level 6. HP: 24/66 MP: 6/6
  2798 | D:4      | HP: 21/99 [scorpion (7)]
  2801 | D:4      | HP: 8/99 [scorpion (6)]
  2802 | D:4      | HP: 3/99 [scorpion (4)]
  2803 | D:4      | Slain by a scorpion

Vanquished Creatures
  A hound (D:4)
  Jessica (D:3)
  An orc wizard (D:3)
  4 adders
  4 gnolls
  A shadow imp (D:4)
  2 worms
  2 dart slugs
  4 orcs
  8 ball pythons
  5 endoplasms
  3 giant cockroaches
  2 goblins
  8 hobgoblins
  4 jackals (D:3)
  A quokka (D:2)
  7 bats
  A frilled lizard (D:2)
  3 kobolds
  3 rats
65 creatures vanquished.

Table legend:
 A = Non-vault XP
 B = Vault XP
 C = Vault XP percentage of total XP
 D = Non-vault monster count
 E = Vault monster count
 F = Vault count percentage of total count
                 A         B        C        D         E       F
            +---------+---------+-------+---------+---------+-------
      Total |     305 |      37 |  10.8 |      64 |       1 |   1.5
            +---------+---------+-------+---------+---------+-------
        D:1 |      20 |       0 |   0.0 |      13 |       0 |   0.0
        D:2 |      79 |       0 |   0.0 |      22 |       0 |   0.0
        D:3 |     124 |      37 |  23.0 |      21 |       1 |   4.5
        D:4 |      82 |       0 |   0.0 |       8 |       0 |   0.0
            +---------+---------+-------+---------+---------+-------

Skill      XL: |  1  2  3  4  5 |
---------------+----------------+-----
Maces & Flails | 3 4 |  4.2
Dodging        | 3 |  3.3
Fighting       | 5 |  5.6
Throwing       | 1 2 |  2.4

Action                     |  1- 3 |  4- 6 || total
---------------------------+-------+-------++-------
  Melee: Mace              |   105 |   131 ||   236
         Punch             |       |     4 ||     4
  Throw: Dart              |       |     3 ||     3
 Invoke: Berserk           |       |     4 ||     4
         Trog's Hand       |       |     3 ||     3
    Use: Scroll            |     4 |     6 ||    10
         Potion            |       |     1 ||     1
 Armour: Animal skin       |    49 |    59 ||   108
  Dodge: Dodged            |    77 |   105 ||   182

Illustrated notes

Table legend:
 A = Kills in this place as a percentage of kills in the entire game.
 B = Kills by you in this place as a percentage of kills by you in the entire game.
 C = Kills by friends in this place as a percentage of kills by friends in the entire game.
 D = Other kills in this place as a percentage of other kills in the entire game.
 E = Experience gained in this place as a percentage of experience gained in the entire game.
 F = Experience gained in this place divided by the number of levels of this place that you have seen.
                   A       B       C       D       E      F
               +-------+-------+-------+-------+-------+----------------------
         Total | 100.0 | 100.0 |   N/A |   N/A | 100.0 |  85.5
       Dungeon | 100.0 | 100.0 |   N/A |   N/A | 100.0 |  85.5
               +-------+-------+-------+-------+-------+----------------------

Table legend: (Time is in decaauts)
 A = Elapsed time spent in this place.
 B = Non-inter-level travel time spent in this place.
 C = Inter-level travel time spent in this place.
 D = Time resting spent in this place.
 E = Time spent auto-exploring this place.
 F = Levels seen in this place.
 G = Mean time per level.
                   A        B        C        D        E       F      G
               +--------+--------+--------+--------+--------+-----+--------+
         Total |   2878 |   2808 |     70 |    127 |   2025 |   4 |  719.5 |
       Dungeon |   2878 |   2808 |     70 |    127 |   2025 |   4 |  719.5 |
               +--------+--------+--------+--------+--------+-----+--------+

Top non-repeatable levels by time:
     D:3: 857 daAuts
     D:1: 844 daAuts
     D:2: 834 daAuts
     D:4: 341 daAuts
